Map: 돌개바람 - 래더

Players

INnoVation - Winner!

  • Race: Terran Terran
  • League: Master
  • Spawn Location: 7:00

aLive

  • Race: Terran Terran
  • League: Master
  • Spawn Location: 5:00

VOD

Have the link to the VOD?

Description

Time

  • Played on: Nov. 26, 2016, 4:23 a.m.
  • Length: 19:09
Show
View Real Time Build Order
Export as new Build Order

INnoVation Terran - Winner!

Build Orders: 1/1/1, Bio Tank, Banshee Rush 

Get SALT Encoding   

  12  0:00  SCV  
  13  0:12  SCV  
  14  0:17  Supply Depot  
  14  0:25  SCV  
  15  0:29  Refinery  
  15  0:39  SCV  
  16  0:44  Barracks  
  16  0:51  SCV  
  16  0:55  Refinery  
  17  1:03  SCV  
  18  1:15  SCV  
  19  1:30  Orbital Command  
  19  1:31  Reaper  
  20  1:35  Factory  
  20  1:45  Supply Depot  
  20  1:56  SCV  
  21  2:08  SCV, Marine  
  23  2:19  Starport, Factory Tech Lab  
  23  2:20  SCV  
  24  2:23  Supply Depot  
  24  2:26  Marine  
  25  2:32  SCV  
  26  2:43  Marine  
  27  2:44  SCV  
  27  2:47  Widow Mine  
  30  2:53  Supply Depot  
  30  2:56  SCV  
  31  3:00  Cloaking Field  
  31  3:01  Banshee  
  31  3:02  Marine  
  35  3:08  SCV  
  36  3:17  Factory Reactor  
  36  3:20  Marine  
  36  3:21  SCV  
  38  3:32  Command Center  
  38  3:36  SCV  
  39  3:41  Marine  
  39  3:44  Raven  
  39  3:48  Supply Depot  
  42  3:52  SCV  
  42  4:00  Engineering Bay  
  42  4:02  Factory Tech Lab  
  42  4:04  SCV  
  42  4:08  Marine x2  
  45  4:16  SCV  
  43  4:27  Viking  
  43  4:28  SCV  
  44  4:40  SCV  
  45  4:51  Command Center  
  45  4:53  SCV  
  45  4:55  Orbital Command  
  46  5:05  SCV  
  47  5:15  Viking x2  
  47  5:18  SCV  
  52  5:21  Siege Tank  
  52  5:22  SCV  
  52  5:25  Stimpack  
  56  5:30  SCV  
  56  5:34  SCV  
  58  5:36  Refinery  
  58  5:37  Supply Depot  
  58  5:38  Refinery  
  58  5:45  Viking x2  
  58  5:47  Marine  
  63  5:52  SCV x2  
  63  5:53  Siege Tank  
  54  6:05  SCV x2  
  54  6:09  Marine  
  55  6:17  SCV x2  
  55  6:18  Command Center  
  58  6:25  Siege Tank  
  58  6:27  Marine  
  58  6:29  SCV x2  
  55  6:41  SCV x2  
  57  6:48  Engineering Bay  
  57  6:53  SCV x2  
  59  6:57  Siege Tank, Marine  
  59  7:00  Refinery  
  63  7:05  SCV x2  
  65  7:10  Barracks  
  65  7:12  Barracks  
  65  7:17  Terran Infantry Weapons Level 1, SCV  
  65  7:18  Terran Infantry Armor Level 1, SCV  
  67  7:27  Combat Shields  
  67  7:28  Marine  
  67  7:29  Siege Tank  
  72  7:30  SCV  
  72  7:32  Orbital Command  
  72  7:33  SCV  
  73  7:42  SCV  
  74  7:46  Barracks, SCV  
  74  7:47  Barracks  
  75  7:54  SCV  
  76  8:00  Barracks Reactor  
  76  8:01  Barracks Reactor  
  76  8:02  Siege Tank, Marine  
  76  8:04  SCV  
  81  8:06  Orbital Command, SCV  
  81  8:07  Supply Depot  
  80  8:15  Supply Depot  
  80  8:16  Medivac x2, SCV  
  80  8:18  SCV  
  80  8:19  Armory  
  86  8:20  Supply Depot  
  86  8:28  SCV  
  86  8:30  SCV  
  86  8:32  Marine  
  86  8:33  SCV  
  90  8:37  Barracks Reactor  
  90  8:38  Barracks Reactor, Marine x4  
  90  8:40  SCV  
  95  8:42  Supply Depot, SCV  
  95  8:45  SCV  
  97  8:49  Marine  
  97  8:52  Medivac x2, SCV  
  97  8:54  SCV  
  104  8:55  Refinery, Marine  
  104  8:56  Refinery, Supply Depot, Marine  
  104  8:57  SCV  
  104  8:58  Marine  
  104  8:59  Supply Depot  
  108  9:03  Marine  
  108  9:04  SCV  
  108  9:06  SCV  
  108  9:09  SCV  
  116  9:13  Marine x3  
  116  9:16  Terran Infantry Weapons Level 2  
  116  9:17  Terran Infantry Armor Level 2  
  113  9:19  SCV x2  
  113  9:21  SCV, Marine  
  113  9:22  Marine x2  
  119  9:24  Marine  
  119  9:25  Marine x2  
  119  9:28  Siege Tank  
  119  9:31  Marine x3  
  125  9:34  Terran Vehicle Weapons Level 1  
  128  9:39  Marine x3  
  128  9:42  Marine  
  128  9:43  Marine  
  128  9:45  Medivac x2  
  136  9:48  Supply Depot  
  136  9:49  Marine x4  
  139  9:57  Marine  
  138  10:01  Marine x3  
  138  10:05  Sensor Tower, Missile Turret  
  141  10:09  Siege Tank, Marine x5  
  141  10:12  Supply Depot  
  141  10:14  Supply Depot, Factory  
  149  10:17  Marine  
  149  10:23  Missile Turret  
  149  10:30  Sensor Tower  
  149  10:33  Medivac x2, Marine x5  
  149  10:34  Supply Depot  
  149  10:35  Marine x3  
  159  10:47  Siege Tank  
  161  10:51  Marine x6  
  161  10:55  Marine x2  
  167  10:57  Supply Depot  
  167  10:58  Supply Depot  
  167  10:59  Factory Tech Lab  
  167  11:03  Command Center  
  167  11:11  Medivac  
  167  11:12  Medivac, Marine x3  
  173  11:18  Marine x3  
  173  11:23  Siege Tank  
  173  11:24  Siege Tank  
  182  11:28  Marine  
  182  11:29  Marine x2  
  182  11:30  Marine  
  186  11:37  Terran Infantry Weapons Level 3  
  184  11:42  Terran Infantry Armor Level 3  
  184  11:48  Marine x5  
  189  12:12  Marine  
  189  12:15  Siege Tank x2, Marine x3  
  199  12:16  Terran Vehicle Weapons Level 2  
  199  12:17  Supply Depot x2  
  199  12:21  Planetary Fortress  
  196  12:30  Sensor Tower  
  196  12:32  Missile Turret  
  189  12:41  Medivac x2  
  189  12:42  Marine x2  
  189  12:43  Marine  
  190  12:45  Marine  
  190  12:46  Marine  
  190  12:47  Siege Tank x2  
  188  13:06  Marine  
  188  13:07  Marine x7  
  188  13:10  Barracks  
  181  13:12  Marine  
  181  13:17  Barracks  
  181  13:19  Siege Tank x2  
  188  13:24  Barracks, Marine  
  188  13:26  Medivac x2, Marine  
  179  13:27  Marine x6  
  172  13:44  Marine x3  
  172  13:45  Marine x5  
  180  13:51  Siege Tank x2  
  180  13:54  Marine  
  187  14:02  Marine x8  
  190  14:07  Barracks Reactor  
  190  14:12  Marine  
  190  14:13  Marine  
  181  14:20  Marine x8  
  181  14:23  Siege Tank  
  174  14:29  Marine  
  174  14:37  Marine  
  174  14:38  Marine x7  
  170  14:41  Medivac x2  
  172  14:54  Orbital Command  
  172  14:55  Siege Tank  
  173  15:00  Marine x2  
  122  15:49  Marine x5  
  125  15:50  Marine x3  
  130  15:59  Marine  
  126  16:07  Marine  
  106  16:16  Marine x5  
  104  16:20  Marine  
  104  16:23  Orbital Command, Marine  
  101  16:39  Marine x2  
  96  16:40  Marine  
  96  16:48  Marine  
  97  16:58  Marine x3  
  100  17:08  Marine  
  101  17:18  Orbital Command  
  101  17:28  Marine x3  
  104  17:44  Marine  
  104  17:45  Marine  
  104  17:47  Marine  
  106  17:52  Marine  
  107  18:00  Marine x4  
  111  18:06  Marine  
  112  18:13  Marine  
  112  18:14  Marine  
  112  18:19  Marine  
  113  18:20  Marine x2  
  113  18:25  Marine  
  113  18:26  Marine  
  118  18:40  Marine  
  118  18:41  Marine x6  
Show
View Real Time Build Order
Export as new Build Order

aLive Terran 

Build Orders: 1/1/1, Bio Tank, Banshee Rush 

Get SALT Encoding   

  12  0:01  SCV  
  13  0:13  SCV  
  14  0:17  Supply Depot  
  14  0:25  SCV  
  14  0:28  Refinery  
  15  0:39  SCV  
  16  0:44  Barracks  
  16  0:51  SCV  
  16  0:55  Refinery  
  17  1:03  SCV  
  18  1:15  SCV  
  19  1:31  Factory  
  19  1:32  Orbital Command  
  19  1:35  Reaper  
  20  1:50  Supply Depot  
  20  1:58  SCV  
  21  2:07  Barracks Reactor  
  21  2:10  SCV  
  22  2:16  Starport, Factory Tech Lab  
  23  2:22  SCV  
  23  2:35  SCV  
  24  2:47  Widow Mine, SCV  
  27  2:52  Supply Depot  
  27  2:57  Cloaking Field  
  27  2:58  Banshee  
  30  3:00  SCV  
  31  3:12  Command Center  
  31  3:15  Marine  
  31  3:17  Marine  
  33  3:21  SCV  
  34  3:28  Factory Tech Lab  
  34  3:33  Marine  
  35  3:35  Marine  
  35  3:40  Raven, SCV  
  39  3:42  Supply Depot  
  39  4:03  SCV, Marine x2  
  39  4:08  Siege Tank  
  39  4:09  Supply Depot  
  45  4:16  SCV  
  45  4:23  Orbital Command  
  47  4:28  SCV  
  46  4:40  Marine, SCV  
  46  4:43  Siege Tank  
  48  4:49  Medivac  
  48  4:51  Medivac  
  48  4:52  SCV  
  53  4:53  SCV  
  53  4:58  Marine  
  55  5:04  SCV  
  55  5:05  SCV  
  57  5:08  Command Center  
  57  5:11  Engineering Bay  
  57  5:16  SCV  
  57  5:17  SCV, Marine  
  57  5:18  Stimpack  
  60  5:27  Refinery x2  
  60  5:31  Barracks  
  60  5:32  SCV  
  60  5:33  Barracks, SCV  
  62  5:41  Supply Depot  
  62  5:51  SCV x2  
  62  5:58  Terran Infantry Weapons Level 1  
  62  6:02  Barracks x2  
  62  6:03  SCV x2  
  57  6:11  Marine  
  57  6:15  SCV x2  
  57  6:16  Siege Tank, Medivac  
  65  6:24  Orbital Command  
  65  6:27  SCV x2  
  63  6:36  Barracks Reactor  
  63  6:37  Barracks Reactor  
  63  6:39  Engineering Bay  
  56  6:40  SCV x2  
  56  6:43  Supply Depot  
  58  6:49  Siege Tank  
  58  6:50  Barracks Reactor  
  58  6:51  Barracks Reactor  
  58  6:53  SCV x2  
  64  6:54  SCV  
  64  6:56  Marine  
  64  7:00  Viking x2  
  69  7:06  SCV x3  
  72  7:09  Terran Infantry Armor Level 1  
  72  7:14  Supply Depot  
  72  7:15  Supply Depot  
  72  7:16  Marine x5  
  72  7:18  SCV x3  
  80  7:24  Combat Shields  
  80  7:26  Armory  
  80  7:29  Refinery  
  80  7:30  Refinery, Marine x4  
  80  7:34  Marine x4  
  88  7:37  SCV x3  
  88  7:41  Viking  
  88  7:42  Viking  
  95  7:49  SCV x2  
  95  7:50  SCV  
  98  7:55  Supply Depot, Marine x6  
  98  7:57  Marine  
  98  7:58  Supply Depot, Marine x2  
  107  8:01  Siege Tank  
  110  8:07  SCV x3  
  113  8:14  Factory  
  113  8:15  Terran Infantry Weapons Level 2  
  113  8:16  Terran Vehicle Weapons Level 1  
  113  8:24  Sensor Tower  
  112  8:27  Marine x5  
  112  8:28  Marine x4  
  121  8:37  Siege Tank  
  121  8:39  Medivac x2  
  121  8:40  Supply Depot  
  127  8:53  Marine x6  
  133  8:58  Supply Depot, Marine x3  
  133  9:00  Supply Depot  
  133  9:01  Supply Depot  
  136  9:03  Supply Depot  
  136  9:06  Factory Tech Lab  
  136  9:08  Terran Infantry Armor Level 2  
  136  9:15  Siege Tank, Viking x2  
  143  9:19  Marine x4  
  143  9:20  Marine x5  
  152  9:32  Barracks x2  
  152  9:33  Barracks  
  152  9:40  Marine x6  
  152  9:41  Marine x3  
  161  9:58  Siege Tank x2, Marine x7  
  173  10:03  Medivac x2  
  177  10:12  Supply Depot  
  177  10:13  Supply Depot  
  177  10:14  Terran Vehicle Weapons Level 2  
  177  10:16  Supply Depot  
  177  10:21  Barracks Reactor  
  177  10:22  Barracks Reactor  
  177  10:23  Barracks Reactor  
  177  10:27  Marine x4  
  181  10:29  Command Center  
  181  10:33  Terran Infantry Weapons Level 3, Marine x5  
  186  10:38  Medivac x2  
  190  10:54  Siege Tank x2  
  196  11:01  Marine  
  196  11:02  Marine x3  
  200  11:06  Missile Turret x2  
  200  11:07  Missile Turret  
  199  11:26  Terran Infantry Armor Level 3  
  189  11:33  Siege Tank x2  
  189  11:43  Marine x11  
  200  11:47  Planetary Fortress  
  200  12:02  Factory  
  200  12:06  Missile Turret  
  200  12:15  Command Center  
  199  12:28  Marine  
  198  12:41  Siege Tank x2, Marine x10  
  197  12:54  Marine x4  
  192  13:13  Siege Tank x2  
  198  13:26  Marine  
  198  13:27  Marine x13  
  178  13:28  Medivac x2  
  191  13:40  Factory Tech Lab  
  191  13:42  Marine  
  191  13:44  Marine x5  
  191  13:45  Marine x3  
  200  13:54  Terran Vehicle Weapons Level 3  
  192  14:16  Marine  
  192  14:17  Medivac, Marine x6  
  176  14:18  Medivac, Siege Tank  
  176  14:19  Marine x7  
  173  14:34  Marine  
  173  14:35  Marine x3  
  173  14:37  Marine x3  
  164  14:50  Siege Tank  
  158  14:52  Marine x3  
  158  14:55  Marine  
  158  14:59  Engineering Bay, Marine  
  155  15:00  Marine  
  155  15:17  Supply Depot  
  155  15:18  Supply Depot x2  
  155  15:19  Supply Depot  
  155  15:27  Planetary Fortress, Factory  
  155  15:28  Barracks, Factory  
  155  15:29  Barracks  
  154  15:39  Marine x6  
  129  15:44  Siege Tank  
  129  15:49  Supply Depot x2  
  124  15:57  Marine x6  
  96  16:14  Factory Tech Lab x2  
  83  16:21  Barracks Reactor x2  
  71  16:29  Barracks x2  
  71  16:30  Barracks  
  68  16:38  Siege Tank x2  
  69  16:43  Refinery x2  
  54  17:02  Marine  
  54  17:03  Marine x3  
  53  17:10  Siege Tank x2  
  53  17:14  Supply Depot  
  59  17:15  Barracks Reactor  
  59  17:16  Barracks Reactor, Orbital Command, Supply Depot  
  59  17:17  Barracks Reactor  
  59  17:21  Marine x4  
  63  17:35  Barracks  
  63  17:38  Barracks x2  
  63  17:39  Marine x4  
  63  17:42  Siege Tank x2  
  71  17:52  SCV  
  71  17:55  Marine x2  
  71  17:57  Marine x4  
  81  18:04  SCV  
  79  18:14  Marine  
  79  18:15  Marine  
  79  18:17  Marine x2  
  79  18:19  Siege Tank x2  
  88  18:23  Refinery x2  
  88  18:24  SCV  
  86  18:39  Marine x6  
  89  18:42  Barracks Reactor x2  
Tags
 
Add a new tag
Caveats
  • Supply blocks, unpowered buildings, or Contaminate may cause inaccurate times.
  • Supply counts are checked every 10 seconds.